TOP OF THE 1ST |
Redwood City Redwoods batting - Pitching for Calgary Cowboys : RHP Pedro Leal
|
Pitching: RHP Pedro Leal
|
|
Batting: LHB Diego González
|
0-0: Ball 1-0: Ball 2-0: Foul Ball, location: 2F 2-1: Ball 3-1: Called Strike 3-2: Ground out 1-3 (Groundball, 15S)
|
Batting: SHB Luis González
|
0-0: Foul Ball, location: 2F 0-1: Foul Ball, location: 2F 0-2: Foul Ball, location: 2F 0-2: Foul Ball, location: 2F 0-2: Foul Ball, location: 2F 0-2: Strikes out looking
|
Batting: LHB Iván Salas
|
0-0: Called Strike 0-1: Swinging Strike 0-2: Strikes out looking
|
Top of the 1st over - 0 run(s), 0 hit(s), 0 error(s), 0 left on base; Redwood City 0 - Calgary 0 |
BOTTOM OF THE 1ST |
Calgary Cowboys batting - Pitching for Redwood City Redwoods : RHP José Gómez
|
Pitching: RHP José Gómez
|
|
Batting: RHB Luis Peńa
|
0-0: Swinging Strike 0-1: Called Strike 0-2: Foul Ball, location: 2F 0-2: Ball 1-2: Strikes out swinging
|
Batting: RHB Jorge Balencia
|
0-0: Called Strike 0-1: SINGLE (Groundball, 34D)
|
Batting: LHB Miguel Pérez
|
0-0: Swinging Strike 0-1: Ball 1-1: Called Strike 1-2: Strikes out swinging
|
Batting: RHB Dan Wyatt
|
0-0: Called Strike 0-1: Foul Ball, location: 2F 0-2: Foul Ball, location: 2F 0-2: Ball 1-2: Fly out, F7 (Flyball, 78XD)
|
Bottom of the 1st over - 0 run(s), 1 hit(s), 0 error(s), 1 left on base; Redwood City 0 - Calgary 0 |
TOP OF THE 2ND |
Redwood City Redwoods batting - Pitching for Calgary Cowboys : RHP Pedro Leal
|
Batting: LHB Germán Charfauros
|
0-0: Ball 1-0: Foul Ball, location: 2F 1-1: Foul Ball, location: 2F 1-2: Strikes out swinging
|
Batting: RHB Rafael Rincón
|
0-0: Ball 1-0: Swinging Strike 1-1: Foul Ball, location: 2F 1-2: Strikes out looking
|
Batting: LHB Nicholas Alston
|
0-0: Ball 1-0: Foul Ball, location: 2F 1-1: Called Strike 1-2: Strikes out swinging
|
Top of the 2nd over - 0 run(s), 0 hit(s), 0 error(s), 0 left on base; Redwood City 0 - Calgary 0 |
BOTTOM OF THE 2ND |
Calgary Cowboys batting - Pitching for Redwood City Redwoods : RHP José Gómez
|
Batting: RHB Clark Hodge
|
0-0: Called Strike 0-1: SINGLE (Groundball, 5D)
|
Batting: RHB Shayne Burry
|
0-0: Ball 1-0: Called Strike 1-1: Ball 2-1: Foul Ball, location: 2F 2-2: Strikes out swinging
|
Batting: RHB Ramón Martínez
|
0-0: Ball 1-0: Called Strike 1-1: Ball 2-1: SINGLE (Groundball, 4MD) Clark Hodge to second
|
Batting: LHB Freddy Herrera
|
0-0: Ball 1-0: Ball 2-0: Called Strike 2-1: Fielders Choice at 2nd, 3-6 (Groundball, 3) Clark Hodge to third
|
Batting: RHB Jesús Hernández
|
0-0: Foul Ball, location: 2F 0-1: Ball 1-1: Swinging Strike 1-2: Foul Ball, location: 2F 1-2: Ball 2-2: Reached on error, E6 (Groundball, 6M) Clark Hodge scores Freddy Herrera to second
|
Batting: RHB Luis Peńa
|
0-0: Ball 1-0: Swinging Strike 1-1: Foul Ball, location: 2F 1-2: Ball 2-2: Ball 3-2: SINGLE (Groundball, 4) Freddy Herrera to third Jesús Hernández to second Freddy Herrera scores Jesús Hernández to third
|
Batting: RHB Jorge Balencia
|
0-0: Ball 1-0: Foul Ball, location: 2F 1-1: Foul Ball, location: 2F 1-2: Ball 2-2: Fielders Choice at 2nd, 5-4 (Groundball, 56)
|
Bottom of the 2nd over - 2 run(s), 3 hit(s), 1 error(s), 1 left on base; Redwood City 0 - Calgary 2 |
TOP OF THE 3RD |
Redwood City Redwoods batting - Pitching for Calgary Cowboys : RHP Pedro Leal
|
Batting: RHB William Parker
|
0-0: Fly out, F9 (Popup, 34D)
|
Batting: RHB Manuel González
|
0-0: Called Strike 0-1: Called Strike 0-2: Ball 1-2: Ball 2-2: Ball 3-2: Ground out 6-3 (Groundball, 6)
|
Batting: LHB Ryan Hensley
|
0-0: Fly out, F7 (Flyball, 7LM)
|
Top of the 3rd over - 0 run(s), 0 hit(s), 0 error(s), 0 left on base; Redwood City 0 - Calgary 2 |
BOTTOM OF THE 3RD |
Calgary Cowboys batting - Pitching for Redwood City Redwoods : RHP José Gómez
|
Batting: LHB Miguel Pérez
|
0-0: Called Strike 0-1: Ball 1-1: Ground out U3 (Groundball, 3S)
|
Batting: RHB Dan Wyatt
|
0-0: Ball 1-0: Ground out 1-3 (Groundball, 25)
|
Batting: RHB Clark Hodge
|
0-0: Called Strike 0-1: Ground out 5-3 (Groundball, 56)
|
Bottom of the 3rd over - 0 run(s), 0 hit(s), 0 error(s), 0 left on base; Redwood City 0 - Calgary 2 |
TOP OF THE 4TH |
Redwood City Redwoods batting - Pitching for Calgary Cowboys : RHP Pedro Leal
|
Batting: LHB Diego González
|
0-0: Called Strike 0-1: Ball 1-1: Ball 2-1: Ground out 4-3 (Groundball, 4M)
|
Batting: SHB Luis González
|
0-0: Called Strike 0-1: Foul Ball, location: 2F 0-2: Strikes out swinging
|
Batting: LHB Iván Salas
|
0-0: Ball 1-0: Called Strike 1-1: Foul Ball, location: 2F 1-2: Ball 2-2: Ball 3-2: Base on Balls
|
Batting: LHB Germán Charfauros
|
0-0: Ball 1-0: Swinging Strike 1-1: Swinging Strike 1-2: Ball 2-2: Fly out, F3 (Popup, 23)
|
Top of the 4th over - 0 run(s), 0 hit(s), 0 error(s), 1 left on base; Redwood City 0 - Calgary 2 |
BOTTOM OF THE 4TH |
Calgary Cowboys batting - Pitching for Redwood City Redwoods : RHP José Gómez
|
Batting: RHB Shayne Burry
|
0-0: Ball 1-0: Foul Ball, location: 2F 1-1: Ball 2-1: Called Strike 2-2: Foul Ball, location: 2F 2-2: Foul Ball, location: 2F 2-2: Ball 3-2: Base on Balls
|
Batting: RHB Ramón Martínez
|
0-0: Ball 1-0: Called Strike 1-1: SINGLE (Line Drive, 4D) Shayne Burry to second Throwing error, E9 Shayne Burry scores Ramón Martínez to second
|
Batting: LHB Freddy Herrera
|
0-0: Called Strike 0-1: Ball 1-1: Ball 2-1: Ball 3-1: Fly out, F5 (Popup, 5F)
|
Batting: RHB Jesús Hernández
|
0-0: DOUBLE (Line Drive, 5D) Ramón Martínez scores
|
Batting: RHB Luis Peńa
|
0-0: Ball 1-0: Ground out 5-3 (Groundball, 56)
|
Batting: RHB Jorge Balencia
|
0-0: Ball 1-0: Ground out 5-3 (Groundball, 5L)
|
Bottom of the 4th over - 2 run(s), 2 hit(s), 1 error(s), 1 left on base; Redwood City 0 - Calgary 4 |
TOP OF THE 5TH |
Redwood City Redwoods batting - Pitching for Calgary Cowboys : RHP Pedro Leal
|
Batting: RHB Rafael Rincón
|
0-0: Ground out 5-3 (Groundball, 56S)
|
Batting: LHB Nicholas Alston
|
0-0: Called Strike 0-1: Called Strike 0-2: Strikes out looking
|
Batting: RHB William Parker
|
0-0: Ball 1-0: Ball 2-0: Ball 3-0: Base on Balls
|
Batting: RHB Manuel González
|
0-0: Ball 1-0: Ball 2-0: Foul Ball, location: 2F 2-1: Called Strike 2-2: Ball 3-2: Ground out 6-3 (Groundball, 6)
|
Top of the 5th over - 0 run(s), 0 hit(s), 0 error(s), 1 left on base; Redwood City 0 - Calgary 4 |
BOTTOM OF THE 5TH |
Calgary Cowboys batting - Pitching for Redwood City Redwoods : RHP José Gómez
|
Batting: LHB Miguel Pérez
|
0-0: Ball 1-0: SINGLE (Groundball, 6MD) (infield hit)
|
Batting: RHB Dan Wyatt
|
0-0: Called Strike 0-1: Ball 1-1: Ball 2-1: Foul Ball, location: 2F 2-2: Ball 3-2: Foul Ball, location: 2F 3-2: Reached on error, E5 (Groundball, 5S) Miguel Pérez to second
|
Batting: RHB Clark Hodge
|
0-0: Called Strike 0-1: Ball 1-1: Swinging Strike 1-2: Strikes out swinging
|
Batting: RHB Shayne Burry
|
0-0: Called Strike 0-1: Fly out, F2 (Popup, 2LF)
|
Batting: RHB Ramón Martínez
|
0-0: Called Strike 0-1: Ball 1-1: Foul Ball, location: 2F 1-2: Strikes out swinging
|
Bottom of the 5th over - 0 run(s), 1 hit(s), 1 error(s), 2 left on base; Redwood City 0 - Calgary 4 |
TOP OF THE 6TH |
Redwood City Redwoods batting - Pitching for Calgary Cowboys : RHP Pedro Leal
|
Batting: LHB Ryan Hensley
|
0-0: Ball 1-0: Ground out 5-3 (Groundball, 5S)
|
Batting: LHB Diego González
|
0-0: Ball 1-0: Swinging Strike
|
|
|
|
1-1: Ball 2-1: Foul Ball, location: 2F 2-2: Foul Ball, location: 2F 2-2: Strikes out swinging
|
Batting: SHB Luis González
|
0-0: Ball 1-0: Swinging Strike 1-1: Ball 2-1: SINGLE (Groundball, 4M)
|
Pitching: RHP Glen Brewer
|
|
Batting: LHB Iván Salas
|
0-0: Called Strike 0-1: DOUBLE (Line Drive, 3D) Luis González to third
|
Batting: LHB Germán Charfauros
|
0-0: Fly out, F9 (Flyball, 9D)
|
Top of the 6th over - 0 run(s), 2 hit(s), 0 error(s), 2 left on base; Redwood City 0 - Calgary 4 |
BOTTOM OF THE 6TH |
Calgary Cowboys batting - Pitching for Redwood City Redwoods : RHP José Gómez
|
Pitching: RHP Júlio Castro
|
|
Batting: LHB Freddy Herrera
|
0-0: Ground out 6-3 (Groundball, 6)
|
Batting: RHB Jesús Hernández
|
0-0: Ball 1-0: Swinging Strike 1-1: Ball 2-1: Called Strike 2-2: SINGLE (Groundball, 13) (infield hit)
|
Batting: RHB Luis Peńa
|
0-0: Called Strike 0-1: Called Strike 0-2: Foul Ball, location: 2F 0-2: Ball 1-2: Grounds into double play, 6-4-3 (Groundball, 6)
|
Bottom of the 6th over - 0 run(s), 1 hit(s), 0 error(s), 0 left on base; Redwood City 0 - Calgary 4 |
TOP OF THE 7TH |
Redwood City Redwoods batting - Pitching for Calgary Cowboys : RHP Glen Brewer
|
Batting: RHB Rafael Rincón
|
0-0: Ball 1-0: Ball 2-0: Ground out 6-3 (Groundball, 6M)
|
Batting: LHB Nicholas Alston
|
0-0: Ball 1-0: Ball 2-0: Ball 3-0: Foul Ball, location: 2F 3-1: Foul Ball, location: 2F 3-2: Base on Balls
|
Batting: RHB William Parker
|
0-0: Ball 1-0: DOUBLE (Flyball, 78D) Nicholas Alston to third
|
Batting: RHB Manuel González
|
0-0: Ball 1-0: Called Strike 1-1: Ball 2-1: Ball 3-1: Foul Ball, location: 2F 3-2: Foul Ball, location: 2F 3-2: Base on Balls
|
Batting: LHB Ryan Hensley
|
0-0: DOUBLE (Line Drive, 9LS) Nicholas Alston scores William Parker scores Manuel González to third
|
Batting: LHB Diego González
|
0-0: Foul Ball, location: 2F 0-1: Ball 1-1: Foul Ball, location: 2F 1-2: Strikes out swinging
|
Batting: SHB Luis González
|
0-0: Called Strike 0-1: Ball 1-1: Ball 2-1: Ball 3-1: Called Strike 3-2: Base on Balls
|
Batting: LHB Iván Salas
|
0-0: Foul Ball, location: 2F 0-1: DOUBLE (Flyball, 8LXD) Manuel González scores Ryan Hensley scores Luis González to third Runner from 3rd tries for Home, throw and OUT!
|
Top of the 7th over - 4 run(s), 3 hit(s), 0 error(s), 1 left on base; Redwood City 4 - Calgary 4 |
BOTTOM OF THE 7TH |
Calgary Cowboys batting - Pitching for Redwood City Redwoods : RHP Júlio Castro
|
Batting: RHB Jorge Balencia
|
0-0: Called Strike 0-1: Swinging Strike 0-2: Ball 1-2: Strikes out swinging
|
Batting: LHB Miguel Pérez
|
0-0: Ball 1-0: Ball 2-0: Called Strike 2-1: Ball 3-1: Called Strike 3-2: SINGLE (Flyball, 8RS)
|
Batting: RHB Dan Wyatt
|
0-0: Called Strike 0-1: Foul Ball, location: 2F 0-2: Ball 1-2: Foul Ball, location: 2F 1-2: Strikes out looking
|
Batting: RHB Clark Hodge
|
0-0: Ball 1-0: Foul Ball, location: 2F 1-1: Fly out, F9 (Flyball, 89S)
|
Bottom of the 7th over - 0 run(s), 1 hit(s), 0 error(s), 1 left on base; Redwood City 4 - Calgary 4 |
TOP OF THE 8TH |
Redwood City Redwoods batting - Pitching for Calgary Cowboys : RHP Glen Brewer
|
Pitching: LHP Boboy Ambay
|
|
Batting: LHB Germán Charfauros
|
0-0: SOLO HOME RUN (Flyball, 9D), Distance : 381 ft
|
Batting: RHB Rafael Rincón
|
0-0: Called Strike 0-1: Ball 1-1: Ball 2-1: Swinging Strike 2-2: Strikes out looking
|
Batting: LHB Nicholas Alston
|
0-0: Swinging Strike 0-1: Swinging Strike 0-2: Ball 1-2: Strikes out swinging
|
Batting: RHB William Parker
|
0-0: Ground out 6-3 (Groundball, 6M)
|
Top of the 8th over - 1 run(s), 1 hit(s), 0 error(s), 0 left on base; Redwood City 5 - Calgary 4 |
BOTTOM OF THE 8TH |
Calgary Cowboys batting - Pitching for Redwood City Redwoods : RHP Júlio Castro
|
Pitching: LHP George Owens
|
|
Now at 2B: Carlos Gonzáles
|
|
Now in CF: Chan-u O
|
|
Batting: RHB Shayne Burry
|
0-0: Ball 1-0: Swinging Strike 1-1: Ball 2-1: Swinging Strike 2-2: Fly out, F9 (Flyball, 9LS)
|
Pitching: RHP Jim Williams
|
|
Batting: RHB Ramón Martínez
|
0-0: Foul Ball, location: 2F 0-1: Called Strike 0-2: SINGLE (Line Drive, 5)
|
Pitching: RHP Ron Williams
|
|
Batting: LHB Freddy Herrera
|
0-0: Called Strike 0-1: Ball 1-1: Ball 2-1: Called Strike 2-2: Foul Ball, location: 2F 2-2: Ball 3-2: Base on Balls Ramón Martínez to second
|
Batting: RHB Jesús Hernández
|
0-0: Ball 1-0: Called Strike 1-1: Foul Ball, location: 2F 1-2: Foul Ball, location: 2F 1-2: Ball 2-2: Foul Ball, location: 2F 2-2: Ball 3-2: Fly out, F9 (Flyball, 89S)
|
Batting: RHB Luis Peńa
|
0-0: Ball 1-0: Fly out, F7 (Flyball, 7M)
|
Bottom of the 8th over - 0 run(s), 1 hit(s), 0 error(s), 2 left on base; Redwood City 5 - Calgary 4 |
TOP OF THE 9TH |
Redwood City Redwoods batting - Pitching for Calgary Cowboys : LHP Boboy Ambay
|
Batting: RHB Manuel González
|
0-0: DOUBLE (Line Drive, 9LD)
|
Pinch Hitting: RHB Tom Meyer
|
0-0: Foul Ball, location: 2F 0-1: Ball 1-1: Fly out, F4 (Popup, 3DF)
|
Batting: LHB Diego González
|
0-0: 2-RUN HOME RUN (Flyball, 9LD), Distance : 343 ft
|
Pitching: LHP Takayuki Ine
|
|
Batting: SHB Luis González
|
0-0: Fly out, F7 (Flyball, 78S)
|
Batting: LHB Iván Salas
|
0-0: Foul Ball, location: 2F 0-1: Ball 1-1: Ground out 1-3 (Groundball, 23)
|
Top of the 9th over - 2 run(s), 2 hit(s), 0 error(s), 0 left on base; Redwood City 7 - Calgary 4 |
BOTTOM OF THE 9TH |
Calgary Cowboys batting - Pitching for Redwood City Redwoods : RHP Ron Williams
|
Pitching: RHP Joe Watts
|
|
Now at 2B: Tom Meyer
|
|
Batting: RHB Jorge Balencia
|
0-0: Called Strike 0-1: Foul Ball, location: 2F 0-2: Foul Ball, location: 2F 0-2: Ball 1-2: Ball 2-2: Strikes out swinging wild pitch, reaches first!
|
Batting: LHB Miguel Pérez
|
0-0: Ball 1-0: Called Strike 1-1: Swinging Strike 1-2: Ball 2-2: Fly out, F7 (Flyball, 78S)
|
Batting: RHB Dan Wyatt
|
0-0: Called Strike 0-1: Ball 1-1: Foul Ball, location: 2F 1-2: Foul Ball, location: 2F 1-2: Ball 2-2: 2-RUN HOME RUN (Line Drive, 78D), Distance : 417 ft
|
Batting: RHB Clark Hodge
|
0-0: Called Strike 0-1: Foul Ball, location: 2F 0-2: Ball 1-2: Foul Ball, location: 2F 1-2: Ball 2-2: Ball 3-2: SINGLE (Line Drive, 8LS)
|
Batting: RHB Shayne Burry
|
0-0: Ball 1-0: Ball Wild Pitch! Clark Hodge to second 2-0: Called Strike 2-1: Ball 3-1: Fly out, F7 (Popup, 6D)
|
Batting: RHB Ramón Martínez
|
0-0: Fly out, F6 (Popup, 6D)
|
Bottom of the 9th over - 2 run(s), 2 hit(s), 0 error(s), 1 left on base; Redwood City 7 - Calgary 6 |
|
Monday, December 5th, 2016 - OOTP Baseball 17.12 Build 75
|
|